[Event "American Cup Open Elimination 2024"]
[Site "Saint Louis"]
[Date "2024.03.18"]
[Round "4.4"]
[White "So, Wesley"]
[Black "Robson, Ray"]
[Result "1-0"]
[ECO "A08"]
[WhiteElo "2789"]
[BlackElo "2696"]
[Annotator "TA"]
[PlyCount "69"]
[EventDate "2024.03.11"]
[EventType "k.o."]
[EventCountry "USA"]
[SourceTitle "playchess.com"]
[Source "ChessBase"]
[SourceQuality "1"]
[TimeControl "900+10"]

1. Nf3 d5 2. g3 c5 3. Bg2 Nf6 4. O-O g6 5. d3 Bg7 6. Nbd2 Nc6 7. e4 O-O 8. Re1 b6 9. c3 dxe4 10. dxe4 Ng4 {[%emt 0:01:55] [#]} 11. e5 $1 Rb8 (11... Bxe5 $2 12. h3 $18 (12. Rxe5 Ncxe5 13. Nxe5 Nxe5 $18)) 12. e6 f5 {[%emt 0:01:01] [#]} (12... fxe6 $11 {keeps the balance.} 13. Qa4 Nge5) 13. Ng5 $1 $16 {[%emt 0:00:41] White is better.} Nce5 14. h3 Nh6 15. Ndf3 Nd3 {[%emt 0:00:24][%cal Oc8b7] Inhibits Bf4.} 16. Bf4 Nxf4 17. gxf4 Bb7 {[%emt 0:01:57] White stays focused until the end.} (17... Qc7 $14) 18. Qd7 $36 {[%emt 0:00:37][%mdl 2048] White has strong initiative.} Bxf3 ({Black should try} 18... Bf6) 19. Bxf3 Bf6 {[%emt 0:00:47] Black is weak on the light squares} 20. Rad1 (20. Qxa7 $6 Qd6 $15) 20... b5 21. Qxa7 {[%emt 0:00:05] White is much more active.} Qb6 22. Rd7 {[%emt 0:00:59] aiming for Rxe7.} Qxa7 23. Rxa7 b4 {[%emt 0:00:15] [#]} 24. c4 $1 b3 $2 (24... Kg7 {might work better.} 25. Bd5 Ng8) 25. a4 $18 Bxb2 $2 (25... Kg7 26. Bd5 Ng8) 26. Rxe7 Bf6 27. Rd7 (27. Rxh7 Bxg5 28. Rb7 Rxb7 (28... Bxf4 $2 {is the wrong capture.} 29. e7 $16) 29. Bxb7 Bf6 $11 (29... Bxf4 $2 30. e7 $18)) 27... b2 28. Rb1 (28. Nxh7 b1=Q (28... b1=B $2 {loses.} 29. Bd5 $18) 29. Rxb1 Rxb1+ 30. Kg2 Bh4 31. Nxf8 Kxf8 $11) 28... Rfd8 29. a5 Rxd7 30. exd7 {[%emt 0:00:02] And now a6 would win.} Rb3 31. Bd5+ Kh8 32. a6 {[%emt 0:00:11] Intending a7 and mate.} Ra3 {[%emt 0:00:23] [#]} 33. Rxb2 $3 {[%emt 0:00:04][%mdl 512] White mates.} Rxa6 34. Rb8+ Kg7 35. Ne6+ {[%emt 0:00:17] Weighted Error Value: White=0.03 (flawless) /Black=0.60.  Mistake:       	---       	Black=5      Inaccurate:     	White=1     	Black=1      OK:         	White=6     	Black=8      Best:        	White=3     	---        Strong:       	White=2     	---} 1-0

[Event "American Cup Open Elimination 2024"]
[Site "Saint Louis"]
[Date "2024.03.18"]
[Round "4.5"]
[White "So, Wesley"]
[Black "Robson, Ray"]
[Result "1-0"]
[ECO "D00"]
[WhiteElo "2789"]
[BlackElo "2696"]
[Annotator "TA"]
[PlyCount "87"]
[EventDate "2024.03.11"]
[EventType "k.o."]
[EventCountry "USA"]
[SourceTitle "playchess.com"]
[Source "ChessBase"]
[SourceQuality "1"]
[TimeControl "600+5"]

1. d4 Nf6 2. Nc3 d5 3. Bf4 a6 4. e3 e6 5. Nf3 b5 6. Ne5 Bb7 7. Nd3 b4 ({Black should try} 7... Nbd7 $11) 8. Na4 $14 {[%emt 0:00:06] White is slightly better.} Nbd7 9. Be2 a5 10. O-O Bc6 11. c3 bxc3 12. Nxc3 Bd6 13. Ne5 Bb7 14. Nb5 {[%emt 0:00:12][%cal Oe5f7] Black must now prevent Nxf7!} O-O 15. Rc1 Bxe5 16. dxe5 Ne8 17. a4 c6 18. Nd4 c5 {[%emt 0:00:26][%cal Og7g5] aiming for ...g5!} 19. Nb5 Nc7 20. Nd6 Ba6 21. Bxa6 Nxa6 22. e4 Nb4 23. Rc3 c4 (23... Qe7 $11 {remains equal.}) 24. Rh3 $1 $16 g6 {[%emt 0:00:08] Prevents Qh5} (24... Nd3 $1 $14 25. Qh5 h6 (25... Nxf4 26. Qxh7#) 26. Bxh6 g6) 25. exd5 exd5 26. Qg4 $1 {[%emt 0:00:13] Threatens to win with Bg5. White is much more active.} Qe7 (26... Ra7 $16 {is a better defense.} 27. e6 Nf6 28. exf7+ Raxf7 29. Nxf7 Nxg4 30. Nxd8 Rxf4) 27. Nf5 $18 Qe6 {[%emt 0:00:04] [#]} 28. Qh4 $2 h5 $14 {[%emt 0:00:04] [#]} 29. g4 $40 {[%emt 0:00:25][%mdl 128] White goes for the king.} Nd3 {[%emt 0:00:05] [#]} (29... gxf5 30. Qxh5 (30. gxh5 $2 Kh7 $19) (30. gxh5 $2 Kh7 $19)) 30. Bh6 {[%emt 0:00:09][%mdl 8192] The board is on fire.} (30. Be3 $1 $16 {stays on course.} N7xe5 (30... gxf5 31. Qxh5) 31. Nh6+ (31. Ne7+ Kh7 $15) 31... Kg7 32. f4) 30... gxf5 $19 31. Bxf8 (31. Qxh5 $17 Qg6 (31... fxg4 32. Bg7 f5 33. Bf6 Rxf6 34. Qh8+ Kf7 35. Rh7+ Kg6 36. Qg7#) 32. Bxf8 Qxh5 33. Rxh5 Rxf8 34. gxf5) 31... fxg4 {[%emt 0:00:06] White is weak on the light squares} (31... Nxf8 $2 32. Qxh5 Qxe5 (32... Nxb2 33. Qh8#) 33. gxf5 $16) 32. Rg3 (32. Qg5+ {was the crucial defense.} Kxf8 33. Rxh5) 32... Rxf8 33. Qxh5 N7xe5 {[%emt 0:00:05][%cal Oe6g6] And now ...Qg6! would win.} ({Not} 33... N3xe5 34. f4 Qb6+ 35. Kh1 $17) 34. f4 Qg6 $2 (34... Qb6+ $19 35. Kh1 Qg6) 35. Qh4 $11 {[%emt 0:00:05] [#]} Qe4 $2 36. fxe5 $18 Qd4+ 37. Kh1 Qe4+ 38. Rg2 Nxe5 39. Qg5+ Kh7 $2 (39... Ng6 40. Qxg4 Re8) 40. Rf4 Qe3 41. Qh4+ Kg7 42. Rgxg4+ {[%emt 0:00:05] White mates.} Ng6 43. Qf6+ Kh7 {[%emt 0:00:05] [#]} 44. Rxg6 $1 {[%emt 0:00:04][%mdl 512] Weighted Error Value: White=0.42/Black=0.50.  Loses game:     	White=2     	---        Missed win:     	White=1     	---        Mistake:       	White=1     	Black=5      Inaccurate:     	White=3     	Black=5      OK:         	White=10    	Black=12     Best:        	White=6     	Black=2      Strong:       	White=2     	---} 1-0

[Event "American Cup Open Elimination 2024"]
[Site "Saint Louis"]
[Date "2024.03.18"]
[Round "4.6"]
[White "Robson, Ray"]
[Black "So, Wesley"]
[Result "0-1"]
[ECO "D27"]
[WhiteElo "2696"]
[BlackElo "2789"]
[Annotator "TA"]
[PlyCount "93"]
[EventDate "2024.03.11"]
[EventType "k.o."]
[EventCountry "USA"]
[SourceTitle "playchess.com"]
[Source "ChessBase"]
[SourceQuality "1"]
[TimeControl "600+5"]

1. d4 d5 2. c4 dxc4 3. Nf3 Nf6 4. e3 e6 5. Bxc4 c5 6. O-O Nc6 7. a3 a6 8. dxc5 Qxd1 9. Rxd1 Bxc5 10. b4 Be7 11. Bb2 O-O 12. Nbd2 b5 13. Be2 Bb7 14. Nb3 Rfd8 15. Nfd4 Nxd4 16. Bxd4 {[%emt 0:00:06] The position is equal.} Bd5 17. Na5 Rac8 18. f3 Ba8 19. e4 h6 20. Kf1 g5 21. Nb3 Nd7 22. Rd2 f5 (22... f6 $11 {keeps the balance.}) 23. exf5 $16 exf5 24. Rad1 ({Better is} 24. Bd3 $16 {[%cal Oa1e1] Strongly threatening Re1!} Bd5 25. Nc1) 24... Kf7 25. Bd3 Bd5 26. Na5 Be6 27. Bb1 Ne5 28. Bxf5 Bxf5 29. Bxe5 Rxd2 30. Rxd2 Rc1+ 31. Kf2 Ke6 32. Bd4 h5 33. Nb7 Rc2 34. Rxc2 Bxc2 $14 {[%emt 0:00:04][%mdl 4096] Endgame. KBB-KBN} 35. Ke3 Kd5 36. g3 g4 37. f4 Bf5 38. Na5 Bc2 39. Bc3 h4 40. Kd2 Ba4 41. Ke2 Bc2 42. Ke3 h3 43. Be5 Bd8 (43... Bh4 $5 44. Kf2 (44. gxh4 $2 g3 $19) 44... Bd8 $11) 44. Nb7 (44. Bd4 $5) 44... Bb6+ 45. Kd2 $2 {[%emt 0:00:04][%mdl 8192] [#]} (45. Ke2 $15) 45... Bg1 $2 ({Black should try} 45... Bf2 $1 $19 {[%cal Rf2g3] White must now prevent ...Bxg3!} 46. Kxc2 Bxg3) 46. Kxc2 $4 (46. Ke2 $15) 46... Bxh2 $19 47. Bb8 {[%emt 0:00:03] Weighted Error Value: White=0.49/Black=0.40.  Loses game:     	White=2     	---        Missed win:     	---       	Black=1      Mistake:       	White=1     	Black=1      Inaccurate:     	White=6     	Black=3      OK:         	White=8     	Black=13     Best:        	White=2     	Black=2} 0-1